 Dungeon Crawl Stone Soup version 0.28.0-53-g5a82cb258f (webtiles) character file.

Game seed: 13663335802440086910

63 DildoBatman the Conjurer (level 4, 0/30 HPs)
             Began as a Formicid Conjurer on May 30, 2022.
             Slain by a kobold
             ... wielding a +0 short sword
              (3 damage)
             ... on level 8 of the Dungeon.
             The game lasted 00:03:22 (1141 turns).

DildoBatman the Conjurer (Formicid Conjurer)        Turns: 1141, Time: 00:03:22

Health: 0/30       AC:  2    Str: 12    XL:     4   Next: 30%
Magic:  2/7        EV: 12    Int: 17    God:
Gold:   27         SH:  0    Dex: 11    Spells: 4/7 levels left

rFire   . . .      SeeInvis +   b - +0 trident
rCold   . . .      Faith    .   (no shield)
rNeg    . . .      Spirit   .   a - +0 robe
rPois   .          Reflect  .   (helmet unavailable)
rElec   .          Harm     .   (no cloak)
rCorr   .          Rampage  .   (no gloves)
Will    .....                   (no boots)
Stlth   ++........              (no amulet)
HPRegen 0.10/turn               (no ring)
MPRegen 0.10/turn               (no ring)

@: no status effects
A: permanent stasis, dig shafts and tunnels, antennae 3, four strong arms
a: Dig, Shaft Self


You were on level 8 of the Dungeon.
You visited 1 branch of the dungeon, and saw 6 of its levels.

You collected 27 gold pieces.

Inventory:

Hand Weapons
 b - a +0 trident (weapon)
Missiles
 e - 30 stones
 f - 6 poisoned darts
 g - 17 sling bullets
Armour
 a - a +0 robe (worn)
Scrolls
 c - 2 scrolls of noise {unknown}
 h - a scroll of blinking {unknown}
Potions
 d - 2 potions of mutation {unknown}


   Skills:
 - Level 1.7 Dodging
 - Level 2.4 Stealth
 - Level 2.1 Spellcasting
 * Level 5.0 Conjurations


You had 4 spell levels left.
You knew the following spells:

 Your Spells              Type           Power      Damage    Failure   Level
a - Searing Ray           Conj           38%        2d5       3%          2
c - Magic Dart            Conj           76%        1d6       2%          1

Your spell library contained the following spells:

 Spells                   Type           Power      Damage    Failure   Level
 Animate Skeleton         Necr           2%         N/A       19%         1
 Apportation              Tloc           2%         N/A       19%         1
 Summon Small Mammal      Summ           4%         N/A       19%         1
 Dazzling Flash           Conj/Hex       20%        N/A       21%         3
 Fulminant Prism          Conj/Hex       5%         3d7       54%         4
 Iskenderun's Mystic Bla  Conj/Tloc      10%        2d4       54%         4


Dungeon Overview and Level Annotations

Branches:
Dungeon (8/15)
 Temple: D:4-7         Lair: D:8-11

Altars:

Shops:
D:8 [

Annotations:
D:2 exclusion: 5 adders


Innate Abilities, Weirdness & Mutations

You cannot be hasted, slowed, berserked, paralysed or teleported.
You can dig through walls and to a lower floor.
You have a pair of large antennae on your head. (SInv)
Your four strong arms can wield two-handed weapons with a shield.


Message History

Orders for allies: a - Attack new target. r - Retreat! s - Stop attacking. g - Guard the area. f - Follow me.
Anything else - Cancel.
You shout for attention!
The kobold hits you with a +0 dagger of electrocution.
The kobold brigand hits you but does no damage.
The kobold hits you with a +0 dagger. The kobold completely misses you.
What are your orders? t - Shout!
Orders for allies: a - Attack new target. r - Retreat! s - Stop attacking. g - Guard the area. f - Follow me.
Anything else - Cancel.
You shout for attention!
The kobold hits you but does no damage.
The kobold brigand hits you but does no damage.
The kobold hits you but does no damage. The kobold hits you with a +0 whip.
What are your orders? t - Shout!
Orders for allies: a - Attack new target. r - Retreat! s - Stop attacking. g - Guard the area. f - Follow me.
Anything else - Cancel.
You shout for attention!
The kobold barely misses you. The kobold brigand barely misses you.
The kobold misses you. The kobold hits you with a +0 whip.
What are your orders? t - Shout!
Orders for allies: a - Attack new target. r - Retreat! s - Stop attacking. g - Guard the area. f - Follow me.
Anything else - Cancel.
You shout for attention!
The kobold hits you with a +0 short sword.
You die...

#.#. ........# #..#.
#.......# #..#.
#......... ... #.
#......... .... #.
#............. #.
#........ ......##
#######.K....#. ....
#.....K@K....'. ....
#.#####KK....#..
####
.K..........?K.....#
..
K...K.#+#####......#
+#.#+#### ..KK..
#.#'#### .........
..... #.#.#
......... .....
#.#.# ......... ....
'.#.# ##.# ....
#.#+### #)##


You could see a kobold brigand and 5 kobolds.

Vanquished Creatures
  A bullfrog zombie (D:7)
  An adder (D:2)
  A worm (D:2)
  A dart slug (D:3)
  A bat (D:3)
  2 endoplasms (D:2)
  4 giant cockroaches
  A goblin (D:2)
  A hobgoblin (D:3)
  A ball python (D:2)
  2 kobolds (D:8)
  2 rats (D:1)
18 creatures vanquished.

Notes
Turn   | Place    | Note
-------+----------+-------------------------------------------
     0 | D:1      | DildoBatman the Formicid Conjurer began the quest for the
                  | Orb.
     0 | D:1      | Reached XP level 1. HP: 13/13 MP: 3/3
     1 | D:1      | Found a runed translucent door.
   137 | D:2      | Reached XP level 2. HP: 8/19 MP: 1/5
   140 | D:2      | Learned a level 2 spell: Searing Ray
   214 | D:2      | Reached skill level 4 in Conjurations
   457 | D:2      | Reached XP level 3. HP: 24/24 MP: 2/6
   840 | D:3      | You fall into a shaft and drop 2 floors!
   840 | D:5      | Entered Level 5 of the Dungeon
   843 | D:5      | You fall into a shaft and drop 3 floors!
   843 | D:8      | Noticed a kobold brigand
   931 | D:8      | Found Safraem's Armour Boutique.
  1123 | D:7      | Reached skill level 5 in Conjurations
  1123 | D:7      | Reached XP level 4. HP: 29/30 MP: 0/7
  1125 | D:7      | You fall into a shaft and drop 1 floor!
  1141 | D:8      | Slain by a kobold

Illustrated notes

Levels and vault maps discovered:
D:1:      dpeg_arrival_caged_fury, layout_basic
D:2:      layout_basic
D:3:      layout_rooms, chequers_ecumenical_altar_twisty
D:5:      layout_cave_pools, serial_shops, nicolae_shop_behind_doors,
          serial_undead, serial_undead_b, serial_undead_a, serial_undead_b,
          serial_undead_d, serial_undead_d, serial_undead_a, serial_undead_e,
          serial_undead_f, supply_closet_lemuel, hangedman_decor_points
D:7:      layout_basic, lemuel_crystal_altar, grunt_dithmenos_shadows,
          minmay_temple_entry_overgrown, enter_bailey_3,
          gammafunk_ghost_stat_death
D:8:      minmay_thinvault, layout_basic, serial_shops,
          nicolae_shop_overgrown_old_shop, nicolae_stop_n_shop_2,
          nicolae_shop_behind_doors, nicolae_inconvenience_store,
          nicolae_shop_hallway_plus, uniq_prince_ribbit1, uniq_grum, uniq_harold

Skill      XL: |  1  2  3 |
---------------+----------+-----
Conjurations   | 4 5 |  5.0
Dodging        | |  1.7
Stealth        | |  2.4
Spellcasting   | |  2.1

Action                   |  1- 3 |  4- 6 || total
-------------------------+-------+-------++-------
Melee: Trident           |    15 |       ||    15
 Cast: Magic Dart        |    19 |       ||    19
       Searing Ray       |     4 |       ||     4
 Abil: Dig               |     2 |       ||     2
       Shaft Self        |     1 |     1 ||     2
Armor: Robe              |     6 |     8 ||    14
Dodge: Dodged            |    28 |    19 ||    47
